 Dungeon Crawl Stone Soup version 0.31-a0-145-g046c7d2549 (webtiles) character file.

Game seed: 10277155569486028460

77 pokeman the Magician (level 4, 0/25 HPs)
             Began as a Deep Elf Hedge Wizard on June 4, 2023.
             Slain by an orc wizard
             ... wielding a +0 dagger
              (1 damage)
             ... on level 2 of the Dungeon.
             The game lasted 00:04:26 (1628 turns).

pokeman the Magician (Deep Elf Hedge Wizard)        Turns: 1628, Time: 00:04:27

Health: 0/25       AC:  2    Str:  7    XL:     4   Next: 14%
Magic:  7/13       EV: 12    Int: 21    God:
Gold:   163        SH:  0    Dex: 14    Spells: 6/14 levels left

rFire   . . .        a - +0 dagger
rCold   . . .        (no shield)
rNeg    . . .        b - +0 robe
rPois   .            c - +0 hat
rElec   .            i - scarf {repulsion}
rCorr   .            (no gloves)
SInv    .            (no boots)
Will    .....        (no amulet)
Stlth   ++           j - +4 ring of slaying
HPRegen 0.24/turn    (no ring)
MPRegen 0.13/turn

%: repel missiles
@: no status effects
A: no striking features
a: no special abilities


You were on level 2 of the Dungeon.
You visited 1 branch of the dungeon, and saw 3 of its levels.

You collected 163 gold pieces.

Inventory:

Hand Weapons
 a - a +0 dagger (weapon)
Armour
 b - a +0 robe (worn)
 c - a +0 hat (worn)
 i - a scarf of repulsion (worn)
 n - a +1 scale mail of fire resistance
Jewellery
 j - a +4 ring of slaying (left hand)
Scrolls
 e - 2 scrolls of identify {unknown}
 g - a scroll of vulnerability {unknown}
 k - 2 scrolls of immolation {unknown}
 l - a scroll of blinking {unknown}
 m - a scroll of enchant weapon {unknown}
Potions
 d - a potion of magic
 f - a potion of haste {unknown}
 h - 2 potions of curing {unknown}


   Skills:
 - Level 1.0 Fighting
 - Level 1.0 Armour
 + Level 2.6 Dodging
 + Level 2.6 Stealth
 * Level 5.5 Spellcasting
 + Level 2.1 Conjurations
 - Level 1.1 Summonings
 - Level 1.1 Translocations


You had 6 spell levels left.
You knew the following spells:

 Your Spells              Type           Power      Damage    Failure   Level
a - Magic Dart            Conj           56%        1d5       4%          1
b - Mephitic Cloud        Conj/Pois/Air  8%         N/A       22%         3
c - Call Imp              Summ           20%        N/A       10%         2
d - Blink                 Tloc           20%        N/A       10%         2

Your spell library contained the following spells:

 Spells                   Type           Power      Damage    Failure   Level
 Slow                     Hex            20%        N/A       11%         1
 Sting                    Tmut/Pois      20%        1d4       11%         1
 Cigotuvi's Dreadful Rot  Necr/Pois/Air  10%        N/A       16%         2
 Poisonous Vapours        Pois/Air       10%        N/A       16%         2
 Olgreb's Toxic Radiance  Pois           5%         N/A       71%         4


Dungeon Overview and Level Annotations

Branches:
Dungeon (3/15)

Altars:

Shops:
D:1 (


Message History

The orc is lightly wounded.
The orc hits you with a +0 whip.
Unknown command.
Casting: Magic Dart (safe; 4% risk of failure)
Confirm with . or Enter, or press ? or * to list all spells.
Aiming: Magic Dart (safe; 4% risk of failure)
Press: ? - help, Shift-Dir - straight line, f/p - orc
Aim: an orc, wielding a +0 whip and wearing a +0 ring mail (lightly wounded, 100% to hit)
The magic dart hits the orc.
The orc is moderately wounded.
The orc closely misses you.
Casting: Magic Dart (safe; 4% risk of failure)
Confirm with . or Enter, or press ? or * to list all spells.
Aiming: Magic Dart (safe; 4% risk of failure)
Press: ? - help, Shift-Dir - straight line, f/p - orc
Aim: an orc, wielding a +0 whip and wearing a +0 ring mail (moderately wounded, 100% to hit)
The magic dart hits the orc but does no damage.
The orc is moderately wounded.
The orc closely misses you.
You hear some strange, mumbled words.
You are confused.
The orc hits you with a +0 whip.
In your confused state, you trip and fall back down the stairs.
The orc barely misses you. Something hits you.
Unknown command.
The orc hits you with a +0 whip.
* * * LOW HITPOINT WARNING * * *
Something hits you.
* * * LOW HITPOINT WARNING * * *
You climb upwards.
Reactivating autopickup.
There is a stone staircase leading down here.
Unknown command.
You feel less confused. Something hits you.
* * * LOW HITPOINT WARNING * * *
Deactivating autopickup; reactivate with Ctrl-A.
The orc barely misses you. Something hits you.
You die...

#..........## #.......
#...........### #.......
#.............########.......
#......##.#..........#.......
#..)...##.#..................
#......##............#.......
#....).##....<.......#.......
#......##...>o.......#.......
#...........@..^.....#.......
#......#....[...........##.##
########...........####.##.##
#................# #.....#
#.####...........###.##..#
#.# #.........#..##.##...
##.# #.............#...##.
#..# #..............#..##.
##.## #....................


You could see an orc.

Vanquished Creatures
  3 adders (D:2)
  2 dart slugs (D:1)
  2 orcs (D:3)
  5 ball pythons
  2 bats
  6 endoplasms
  2 giant cockroaches
  3 goblins
  4 hobgoblins (D:1)
  6 kobolds
  A quokka (D:1)
  3 frilled lizards
  A rat (D:1)
40 creatures vanquished.

Notes
Turn   | Place    | Note
-------+----------+-------------------------------------------
     0 | D:1      | pokeman the Deep Elf Hedge Wizard began the quest for the
                  | Orb.
     0 | D:1      | Reached XP level 1. HP: 10/10 MP: 7/7
   207 | D:1      | Reached XP level 2. HP: 5/16 MP: 1/9
   286 | D:1      | Found Launnug's Weapon Shoppe.
   721 | D:1      | Reached skill level 5 in Spellcasting
   848 | D:1      | Reached XP level 3. HP: 20/20 MP: 6/11
   852 | D:1      | Learned a level 3 spell: Mephitic Cloud
   855 | D:1      | Learned a level 2 spell: Call Imp
   858 | D:1      | Learned a level 2 spell: Blink
   984 | D:2      | Found a faded altar of an unknown god.
  1065 | D:2      | Reached skill level 1 in Armour
  1113 | D:2      | Reached skill level 1 in Fighting
  1384 | D:2      | Reached XP level 4. HP: 20/25 MP: 4/13
  1627 | D:2      | HP: 1/25 [something (2)]
  1628 | D:2      | Slain by an orc wizard

Illustrated notes

Levels and vault maps discovered:
D:1:      ncdulo_watergridlock, layout_rooms, serial_shops,
          nicolae_shop_behind_doors
D:2:      layout_rooms, nicolae_ecumenical_snake_handling, minmay_tetromino_o2
D:3:      minmay_bubble_buster, layout_rooms,
          mainiacjoe_overflow_small_starburst, kennysheep_path_1,
          minmay_snake_closets

Skill      XL: |  1  2  3 |
---------------+----------+-----
Spellcasting   | 5 |  5.5
Armour         | 1 |  1.0
Fighting       | 1 |  1.0
Conjurations   | 2 |  2.1
Dodging        | |  2.6
Stealth        | |  2.6
Summonings     | |  1.1
Translocations | |  1.1

Action                     |  1- 3 |  4- 6 || total
---------------------------+-------+-------++-------
  Melee: Dagger            |    13 |       ||    13
   Cast: Magic Dart        |    93 |    10 ||   103
 Armour: Robe              |     1 |     1 ||     2
  Dodge: Dodged            |    20 |     6 ||    26

Table legend: (Time is in decaauts)
 A = Elapsed time spent in this place.
 B = Non-inter-level travel time spent in this place.
 C = Inter-level travel time spent in this place.
 D = Time resting spent in this place.
 E = Time spent auto-exploring this place.
 F = Levels seen in this place.
 G = Mean time per level.
                   A        B        C        D        E       F      G
               +--------+--------+--------+--------+--------+-----+--------+
         Total |   1628 |   1593 |     35 |      0 |   1392 |   3 |  542.7 |
       Dungeon |   1628 |   1593 |     35 |      0 |   1392 |   3 |  542.7 |
               +--------+--------+--------+--------+--------+-----+--------+

Top non-repeatable levels by time:
     D:1: 917 daAuts
     D:2: 681 daAuts
     D:3: 28 daAuts
